Map: Zen LE

Players

javr

  • Race: Protoss Protoss
  • League: Silver
  • Spawn Location: 7:00

antagomiR - Winner!

  • Race: Protoss Protoss
  • League: Gold
  • Spawn Location: 1:00

VOD

Have the link to the VOD?

Description

Time

  • Played on: April 11, 2020, 6:18 p.m.
  • Length: 9:33
Show
View Real Time Build Order
Export as new Build Order

javr Protoss 

Build Orders:  

Get SALT Encoding   

  12  0:04  Probe (Chrono Boost)  
  13  0:15  Pylon  
  13  0:23  Pylon  
  13  0:32  Pylon  
  13  0:46  Forge  
  13  0:54  Gateway  
  13  0:56  Probe  
  14  1:20  Assimilator  
  14  2:12  Cybernetics Core  
  14  2:24  Pylon  
  14  2:36  Assimilator  
  13  2:44  Probe (Chrono Boost)  
  14  2:54  Probe (Chrono Boost)  
  15  2:59  Probe (Chrono Boost)  
  15  3:02  Nexus  
  16  3:10  Probe, Assimilator  
  17  3:15  Assimilator  
  17  3:18  Pylon  
  17  3:22  Probe (Chrono Boost)  
  19  3:34  Probe (Chrono Boost)  
  19  3:42  Probe (Chrono Boost)  
  20  3:48  Probe  
  21  3:58  Pylon  
  21  4:03  Pylon  
  21  4:12  Pylon  
  21  4:17  Pylon  
  21  4:27  Pylon  
  21  4:34  Stargate  
  21  4:38  Stargate  
  21  4:57  Photon Cannon  
  21  4:59  Photon Cannon  
  21  5:06  Photon Cannon  
  21  5:14  Photon Cannon  
  18  5:38  Photon Cannon  
  16  6:05  Photon Cannon  
  16  6:11  Probe (Chrono Boost)  
  17  6:21  Probe (Chrono Boost)  
  18  6:29  Photon Cannon  
  6  7:04  Probe (Chrono Boost)  
  7  7:14  Probe (Chrono Boost)  
  8  7:19  Probe (Chrono Boost)  
  9  7:34  Pylon  
  9  7:35  Probe (Chrono Boost)  
  11  7:45  Probe (Chrono Boost)  
  8  8:05  Forge  
  8  8:17  Probe (Chrono Boost), Pylon  
  9  8:32  Probe (Chrono Boost)  
  10  8:43  Probe (Chrono Boost)  
  11  8:48  Probe (Chrono Boost)  
Show
View Real Time Build Order
Export as new Build Order

antagomiR Protoss - Winner!

Build Orders: Blink Stalkers 

Get SALT Encoding   

  12  0:01  Probe  
  13  0:13  Probe  
  14  0:21  Pylon  
  14  0:25  Probe  
  15  0:42  Gateway  
  15  0:44  Probe  
  16  0:56  Probe  
  17  0:59  Assimilator  
  17  1:08  Probe  
  18  1:17  Assimilator  
  18  1:20  Probe  
  19  1:40  Cybernetics Core  
  19  1:52  Pylon  
  19  2:10  Warp Gate (Chrono Boost)  
  19  2:36  Twilight Council  
  19  2:42  Stalker (Chrono Boost)  
  19  2:43  Probe  
  20  2:50  Gateway  
  20  2:51  Gateway  
  22  2:55  Probe  
  23  3:07  Probe  
  23  3:08  Stalker (Chrono Boost)  
  23  3:12  Pylon  
  26  3:21  Nexus  
  26  3:24  Probe  
  27  3:36  Probe  
  27  3:39  Blink  
  28  3:53  Stalker  
  30  4:07  Pylon  
  30  4:08  Probe  
  31  4:20  Probe  
  31  4:24  Pylon  
  32  4:32  Probe  
  33  4:44  Probe  
  34  4:53  Probe  
  34  4:56  Probe  
  34  4:58  Stalker x2  
  34  4:59  Stalker  
  42  5:05  Probe  
  43  5:08  Probe  
  44  5:18  Probe  
  43  5:56  Stalker  
  43  5:57  Stalker x2  
  47  6:03  Probe x2  
  51  6:08  Pylon  
  51  6:11  Forge  
  51  6:15  Probe x2  
  51  6:16  Forge  
  53  6:24  Stalker x2  
  53  6:25  Stalker  
  59  6:39  Probe x2  
  57  6:51  Probe  
  56  7:03  Stalker  
  56  7:04  Stalker x2  
  62  7:12  Probe x2  
  64  7:23  Nexus  
  64  7:24  Probe x2  
  66  7:36  Probe  
  63  8:07  Stalker x2  
  63  8:08  Stalker  
  69  8:30  Probe  
  69  8:31  Probe  
  71  8:34  Pylon  
  71  8:36  Pylon  
  71  8:39  Assimilator  
  71  8:42  Gateway, Assimilator  
  71  8:43  Probe x2, Gateway  
  71  8:46  Gateway  
  73  8:48  Gateway  
  73  8:51  Gateway  
  73  8:55  Probe  
  74  9:19  Stalker x3  
Tags
 
Composition
Blink Stalkers
Matchup
PvP
Replay Pack
20200422
Spawn Locations
Cross Positions
Add a new tag
Caveats
  • Supply blocks, unpowered buildings, or Contaminate may cause inaccurate times.
  • Supply counts are checked every 10 seconds.